 Dungeon Crawl Stone Soup version 0.28.0-53-g5a82cb258f (webtiles) character file.

Game seed: 10509059380871412129

9 protoss039 the Digger (level 2, 18/19 HPs)
             Began as a Demonspawn Earth Elementalist on June 1, 2022.
             Got out of the dungeon alive.
             The game lasted 00:00:30 (216 turns).

protoss039 the Digger (DsEE)                         Turns: 216, Time: 00:00:31

Health: 18/19      AC:  2    Str:  8    XL:     2   Next: 3%
Magic:  5/5        EV: 12    Int: 16    God:
Gold:   33         SH:  0    Dex: 13    Spells: 4/5 levels left

rFire   . . .      SeeInvis .   a - +0 falchion
rCold   . . .      Faith    .   (no shield)
rNeg    . . .      Spirit   .   b - +0 robe
rPois   .          Reflect  .   (no helmet)
rElec   .          Harm     .   (no cloak)
rCorr   .          Rampage  .   (no gloves)
Will    .....                   (no boots)
Stlth   ++........              (no amulet)
HPRegen 0.06/turn               (no ring)
MPRegen 0.09/turn               (no ring)

@: no status effects
A: demonic guardian 1
a: no special abilities


You escaped.
You visited 1 branch of the dungeon, and saw 1 of its levels.

You collected 33 gold pieces.

Inventory:

Hand Weapons
 a - a +0 falchion (weapon)
Missiles
 c - 23 stones
Armour
 b - a +0 robe (worn)


   Skills:
 + Level 1.9 Dodging
 + Level 2.0 Stealth
 + Level 2.1 Spellcasting
 + Level 1.1 Transmutations
 + Level 2.8 Earth Magic


You had 4 spell levels left.
You knew the following spells:

 Your Spells              Type           Power      Damage    Failure   Level
a - Sandblast             Erth           20%        2d7       6%          1

Your spell library contained the following spells:

 Spells                   Type           Power      Damage    Failure   Level
 Passwall                 Tmut/Erth      6%         N/A       14%         2
 Stone Arrow              Conj/Erth      12%        3d7       34%         3
 Petrify                  Tmut/Erth      8%         N/A       65%         4


Dungeon Overview and Level Annotations

Branches:
Dungeon (1/15)

Altars:


Innate Abilities, Weirdness & Mutations

A weak demonic guardian rushes to your aid.


Message History

Casting: Sandblast (safe; 7% risk of failure)
Confirm with . or Enter, or press ? or * to list all spells.
Aiming: Sandblast (safe; 7% risk of failure)
Press: ? - help, Shift-Dir - straight line, f/p - goblin
Aim: a goblin, wielding a +0 club (severely wounded, 74% to hit)
The blast of sand misses the goblin.
The goblin closely misses you.
Unknown command.
Casting: Sandblast (safe; 7% risk of failure)
Confirm with . or Enter, or press ? or * to list all spells.
Aiming: Sandblast (safe; 7% risk of failure)
Press: ? - help, Shift-Dir - straight line, f/p - goblin
Aim: a goblin, wielding a +0 club (severely wounded, 74% to hit)
The blast of sand hits the goblin!
You kill the goblin!
Unknown command.
No target in view!
No target in view!
You hit the giant cockroach.
The giant cockroach is heavily wounded.
The giant cockroach barely misses you.
You hit the giant cockroach but do no damage.
The giant cockroach is moderately wounded.
The giant cockroach bites you but does no damage. x2
You closely miss the giant cockroach.
The giant cockroach is moderately wounded.
The giant cockroach barely misses you.
You hit the giant cockroach.
The giant cockroach is severely wounded.
The giant cockroach barely misses you. x2
You hit the giant cockroach.
You kill the giant cockroach!
Your Stealth skill increases to level 2!
You have reached level 2!
Your demonic ancestry asserts itself...
You feel the presence of a demonic guardian.
You see here a dart slug corpse.
There is an open door here.
There is a staircase leading out of the dungeon here.
Are you sure you want to leave the Dungeon?
This will make you lose the game!
You have escaped!

##################
.................#
################.#
........#
#######'#
.......@#
#########


There were no monsters in sight!

Vanquished Creatures
  A dart slug (D:1)
  A giant cockroach (D:1)
  A goblin (D:1)
  2 hobgoblins (D:1)
  A ball python (D:1)
6 creatures vanquished.

Notes
Turn   | Place    | Note
-------+----------+-------------------------------------------
     0 | D:1      | protoss039 the Demonspawn Earth Elementalist began the
                  | quest for the Orb.
     0 | D:1      | Reached XP level 1. HP: 13/13 MP: 3/3
    35 | D:1      | Reached skill level 1 in Transmutations
   149 | D:1      | Gained mutation: A weak demonic guardian rushes to your
                  | aid. [demonic ancestry]
   149 | D:1      | Reached XP level 2. HP: 14/19 MP: 0/5
   216 | D:$      | Got out of the dungeon alive.

Illustrated notes

Levels and vault maps discovered:
D:1:      wheals_arrival_linesprint, layout_basic, serial_shops, shop, shop,
          roderic_lattice_a, minmay_misc_feat_room

Skill      XL: |  1 |
---------------+----+-----
Transmutations | 1 |  1.1
Stealth        | 2 |  2.0
Dodging        | |  1.9
Spellcasting   | |  2.1
Earth Magic    | |  2.8

Action                   || total
-------------------------++-------
Melee: Falchion          ||     9
 Cast: Sandblast         ||     7
Armor: Robe              ||     3
Dodge: Dodged            ||     8
